 Dungeon Crawl Stone Soup version 0.21-a0-286-g6fcecc0 (webtiles) character file.

41 Argmax the Gusty (level 3, 0/30 HPs)
             Began as a Tengu Air Elementalist on Sept 27, 2017.
             Succumbed to an adder's poison
             ... on level 2 of the Dungeon.
             The game lasted 00:06:01 (1170 turns).

Argmax the Gusty (Tengu Air Elementalist)           Turns: 1170, Time: 00:06:02

Health: 0/30       AC: 21    Str:  8    XL:     3   Next: 52%
Magic:  0/7        EV:  2    Int: 16    God:
Gold:   59         SH:  0    Dex: 14    Spells: 5/6 levels left

rFire    . . .     SeeInvis .   f - +0 whip
rCold    . . .     Gourm    .   (no shield)
rNeg     + + +     Faith    .   (armour currently unavailable)
rPois    +         Spirit   .   (helmet currently unavailable)
rElec    .         Reflect  .   (cloak currently unavailable)
rCorr    .         Harm     .   (gloves currently unavailable)
MR       .....     NoTele   +   (boots unavailable)
Stlth    ++........             (no amulet)
HPRegen  0.10/turn              (no ring)
MPRegen  0.10/turn              (no ring)

@: lethally poisoned (0 -> -15), tree-form, very slightly contaminated
A: no striking features
a: no special abilities


You were on level 2 of the Dungeon.
You were not hungry.
You were a tree.
You visited 1 branch of the dungeon, and saw 2 of its levels.

You collected 59 gold pieces.

Inventory:

Hand Weapons
 f - a +0 whip (weapon)
 i - a +0 hunting sling
Armour
 a - a +0 robe (melded)
Jewellery
 j - an uncursed amulet of rage {unknown}
 m - a cursed -3 ring of intelligence {unknown}
Scrolls
 k - a scroll of remove curse {unknown}
 l - 2 scrolls of identify {unknown}
Potions
 e - a potion of lignification
 h - a potion of haste {unknown}
Books
 b - a book of Air

   Spells                             Type                      Level
   a - Shock                          Conjuration/Air              1
   b - Swiftness                      Charms/Air                   2
   c - Static Discharge               Conjuration/Air              3
   d - Airstrike                      Air                          4
   e - Lightning Bolt                 Conjuration/Air              5
Comestibles
 c - 2 bread rations
 d - 3 chunks of flesh
 g - 2 fruits


   Skills:
 + Level 1.1 Fighting
 - Level 2.1 Dodging
 - Level 2.0 Stealth
 + Level 2.4 Spellcasting
 + Level 2.5 Conjurations
 + Level 4.5 Air Magic


You had 5 spell levels left.
You knew the following spells:

 Your Spells              Type           Power        Failure   Level  Hunger
a - Shock                 Conj/Air       ##..         4%          1    #......


Dungeon Overview and Level Annotations

Branches:
Dungeon (2/15)

Altars:
The Shining One


Innate Abilities, Weirdness & Mutations

((You have a beak for a mouth.))
((You have claws for feet.))


Message History

Casting: Shock
Confirm with . or Enter, or press ? or * to list all spells.
Aiming: Shock
Press: ? - help, Shift-Dir - straight line, f/p - adder
Aim: an adder (heavily wounded)
The zap hits the adder.
The adder is heavily wounded.
* * * LOW HITPOINT WARNING * * *
You feel sick. The adder bites you.
* * * LOW HITPOINT WARNING * * *
Casting: Shock
Confirm with . or Enter, or press ? or * to list all spells.
You don't have enough magic to cast that spell.
Firing (i - inventory): No suitable missiles.
Press: ? - help, Shift-Dir - straight line, f/p - adder
Aim: an adder (heavily wounded)
Okay, then.
It was a potion of lignification.
You turn into a tree.
Your +0 robe melds into your body.
Your roots penetrate the ground.
You die...

#.... ### ###########....
.... #.........#.... .....
#.........#.... . #.#####
#.........#.... #
#.#.....####.........#####
.#.#.#...#.##...........####.
.............................
...........S♣................
.#.....#.##.....########..#
###...#.##.....# #......##
.....!...#.##.....###.....##.
##......##.##.......#....##..
...........#####....#...##...
.......##### #......###....
....... #....#...##...
....... #....###..##..


You could see an adder.

Vanquished Creatures
  An adder (D:2)
  A dart slug (D:1)
  2 leopard geckos (D:1)
  2 giant cockroaches (D:1)
  2 goblins
  4 hobgoblins (D:1)
  A quokka (D:2)
  3 bats (D:1)
  A frilled lizard (D:2)
  3 kobolds (D:1)
  8 rats (D:1)
28 creatures vanquished.

Notes
Turn   | Place    | Note
-------+----------+-------------------------------------------
     0 | D:1      | Argmax the Tengu Air Elementalist began the quest for the Orb.
     0 | D:1      | Reached XP level 1. HP: 10/10 MP: 4/4
   144 | D:1      | Reached XP level 2. HP: 10/15 MP: 3/6
   584 | D:1      | Reached XP level 3. HP: 20/20 MP: 1/7
   904 | D:2      | Reached skill level 1 in Fighting
   966 | D:2      | Found a glowing golden altar of the Shining One.
  1081 | D:2      | Found a faded altar of an unknown god.
  1169 | D:2      | HP: 1/20 [adder (1)]
  1170 | D:2      | Succumbed to an adder's poison

Vault maps used:
D:1:      onia_arrival_larder
D:2:      tso_metal_star, ashenzari_conservatory_becter, first_bread,
          chequers_ecumenical_altar_simple, minivault_26

Skill      XL: |  1  2  3 |
---------------+----------+-----
Conjurations   | 2 |  2.5
Fighting       | 1 |  1.1
Dodging        | |  2.1
Stealth        | |  2.0
Spellcasting   | |  2.4
Air Magic      | |  4.5

Action                   || total
-------------------------++-------
Melee: Unarmed           ||     3
       Whip              ||    12
       Kick              ||     4
       Peck              ||     2
 Cast: Shock             ||    39
  Use: Potion            ||     1
 Stab: Sleeping          ||     1
  Eat: Chunk             ||     1
Armor: Robe              ||     3
Dodge: Dodged            ||    14

Table legend:
 A = Spawn XP
 B = Non-spawn XP
 C = Spawn XP percentage of total XP
 D = Spawn monster count
 E = Non-spawn monster count
 F = Spawn count percentage of total count
 G = Total turns spent on level
                    A         B        C        D         E        F      G
               +---------+---------+-------+---------+---------+-------+---------
         Total |       0 |      59 |   0.0 |       0 |      28 |   0.0 |  1170
               +---------+---------+-------+---------+---------+-------+---------
           D:1 |       0 |      41 |   0.0 |       0 |      24 |   0.0 |   819
           D:2 |       0 |      18 |   0.0 |       0 |       4 |   0.0 |   351
               +---------+---------+-------+---------+---------+-------+---------
